 Dungeon Crawl Stone Soup version 0.29.1-14-g9c671dbff4 (webtiles) character file.

Game seed: 15867032403600246545

120 boopmooplesden the Covered (level 4, -6/40 HPs)
             Began as a Minotaur Fighter on Feb 16, 2023.
             Mangled by Edmund
             ... wielding a +5 dire flail of holy wrath
              (7 damage)
             ... on level 4 of the Dungeon.
             The game lasted 00:04:12 (2864 turns).

boopmooplesden the Covered (Minotaur Fighter)       Turns: 2864, Time: 00:04:12

Health: -6/40      AC:  9    Str: 23    XL:     4   Next: 75%
Magic:  3/3        EV:  9    Int:  5    God:
Gold:   165        SH:  4    Dex:  9    Spells: 3/3 levels left

rFire   x . .      SeeInvis .   a - +1 war axe
rCold   + + .      Faith    .   c - +0 buckler
rNeg    . . .      Spirit   .   b - +0 scale mail
rPois   .          Reflect  .   (helmet restricted)
rElec   .          Harm     .   (no cloak)
rCorr   +          Rampage  .   j - +1 pair of gloves "Doxar" {rF- rC++ Will+ rCorr}
Will    +....                   (no boots)
Stlth   ..........              (no amulet)
HPRegen 0.13/turn               (no ring)
MPRegen 0.08/turn               (no ring)

@: no status effects
A: horns 2, retaliatory headbutt
a: no special abilities


You were on level 4 of the Dungeon.
You visited 1 branch of the dungeon, and saw 4 of its levels.

You collected 165 gold pieces.

Inventory:

Hand Weapons
 a - a +1 war axe (weapon)
 o - a +1 whip of electrocution
Armour
 b - a +0 scale mail (worn)
 c - a +0 buckler (worn)
 j - the +1 pair of gloves "Doxar" (worn) {rF- rC++ Will+ rCorr}
   (You acquired it on level 3 of the Dungeon)

   rF:        It makes you vulnerable to fire.
   rC:        It greatly protects you from cold.
   rCorr:     It protects you from acid and corrosion.
   Will:      It increases your willpower.
Jewellery
 h - a ring of ice
 q - a ring of willpower
Scrolls
 g - a scroll of fear
 n - 3 scrolls of identify
 s - a scroll of vulnerability
Potions
 d - 2 potions of might
 e - a potion of magic
 f - 5 potions of curing
 i - 2 potions of heal wounds
 l - a potion of mutation
 m - a potion of resistance {unknown}
 r - 2 potions of berserk rage


   Skills:
 + Level 4.2 Fighting
 + Level 3.7 Axes
 + Level 5.1 Armour
 + Level 0.1 Stealth
 + Level 4.2 Shields


You had 3 spell levels left.
You didn't know any spells.
Your spell library was empty.

Dungeon Overview and Level Annotations

Branches:
Dungeon (4/15)
 Temple: D:4-7

Altars:
Kikubaaqudgha

Shops:
D:1 =:[

Annotations:
D:4 Edmund


Innate Abilities, Weirdness & Mutations

You have a pair of horns on your head.
You reflexively headbutt those who attack you in melee.


Message History

Found 5 gold pieces.
You hit Edmund.
Edmund is lightly wounded.
Edmund gestures with his flail.
You block Edmund's attack.
You closely miss Edmund. You headbutt Edmund!
Edmund is heavily wounded.
Edmund barely misses you.
You hit Edmund. You headbutt Edmund!
Edmund is severely wounded.
Edmund hits you with a +5 dire flail of holy wrath.
You barely miss Edmund.
Edmund is severely wounded.
Edmund closely misses you.
Edmund hits you with a +5 dire flail of holy wrath!
You barely miss Edmund.
Edmund is severely wounded.
Edmund hits you with a +5 dire flail of holy wrath!
You hit Edmund but do no damage.
Edmund is severely wounded.
Edmund completely misses you.
You barely miss Edmund. Your headbutt misses Edmund.
Edmund is severely wounded.
Edmund completely misses you.
Edmund hits you with a +5 dire flail of holy wrath.
You hit Edmund but do no damage. You headbutt Edmund.
Edmund is severely wounded.
Edmund barely misses you. You furiously retaliate!
You headbutt Edmund. You closely miss Edmund.
Edmund is severely wounded.
Edmund closely misses you. Edmund barely misses you.
You hit Edmund but do no damage. Your headbutt misses Edmund.
Edmund is severely wounded.
You hear the slow rusting of a drain nearby.
Edmund hits you with a +5 dire flail of holy wrath!
* * * LOW HITPOINT WARNING * * *
You hit Edmund but do no damage.
Edmund is severely wounded.
Edmund hits you with a +5 dire flail of holy wrath!
You die...

# .# #.#
#.########..
...$....#@#
#.@# ##
#.#####.#
##......###.##
##...........
#...#####.##
###.# #.#
##'## ##...##


You could see Edmund.

Vanquished Creatures
  An iguana (D:3)
  4 adders (D:2)
  A worm (D:3)
  2 dart slugs (D:2)
  12 ball pythons
  3 bats
  3 endoplasms
  A giant cockroach (D:2)
  4 goblins
  3 hobgoblins
  3 jackals (D:1)
  2 quokkas
  3 frilled lizards (D:2)
  9 kobolds
  3 rats (D:2)
54 creatures vanquished.

Notes
Turn   | Place    | Note
-------+----------+-------------------------------------------
     0 | D:1      | boopmooplesden the Minotaur Fighter began the quest for the
                  | Orb.
     0 | D:1      | Reached XP level 1. HP: 19/19 MP: 0/0
   110 | D:1      | Found Neror's Jewellery Emporium.
   374 | D:1      | Reached XP level 2. HP: 24/27 MP: 1/1
   407 | D:1      | Found Maaront's Book Boutique.
   425 | D:1      | Found Juen's Antique Armour Emporium.
   738 | D:1      | Reached skill level 4 in Armour
   938 | D:2      | Found a faded altar of an unknown god.
  1035 | D:2      | Reached XP level 3. HP: 31/33 MP: 2/2
  1511 | D:2      | Reached XP level 4. HP: 40/40 MP: 3/3
  1788 | D:2      | Found an ancient bone altar of Kikubaaqudgha.
  2511 | D:3      | Reached skill level 5 in Armour
  2787 | D:3      | Identified a scroll of acquirement
  2787 | D:3      | Acquired the +1 pair of gloves "Doxar" {rF- rC++ Will+
                  | rCorr}
  2851 | D:4      | Noticed Edmund
  2863 | D:4      | HP: 1/40 [Edmund/+5 dire flail of holy wrath (12)]
  2864 | D:4      | Mangled by Edmund

Illustrated notes

Levels and vault maps discovered:
D:1:      psy_arrival_whirlpool, layout_basic, serial_shops, shop_fountains,
          nicolae_shop_statue_plus, shop, minmay_misc_feat_diagonals,
          grunt_decor_junction
D:2:      layout_basic, basic_altar, nicolae_ecumenical_snake_handling,
          minmay_hexomino_p4
D:3:      layout_rooms, corexii_leaking_fountain, kennysheep_crisscross,
          kennysheep_minor_cross
D:4:      layout_loops_corners, gup_sewer_entry_bowl, uniq_edmund

Skill      XL: |  1  2  3  4 |
---------------+-------------+-----
Shields        | 4 |  4.2
Armour         | 4 5 |  5.1
Fighting       | 4 |  4.2
Axes           | 3 |  3.7
Stealth        | |  0.1

Action                   |  1- 3 |  4- 6 || total
-------------------------+-------+-------++-------
Melee: War axe           |    73 |    40 ||   113
       Headbutt          |     8 |     5 ||    13
  Use: Scroll            |       |    15 ||    15
Armor: Scale mail        |    44 |    12 ||    56
Dodge: Dodged            |    28 |    21 ||    49
Block: Buckler           |    23 |    12 ||    35
